Map: Pillars of Gold LE

Players

Bunny - Winner!

  • Race: Terran Terran
  • Spawn Location: 1:00

Reynor

  • Race: Zerg Zerg
  • Spawn Location: 7:00

VOD

Have the link to the VOD?

Description

Time

  • Played on: Jan. 14, 2021, 9:06 a.m.
  • Length: 18:35
Show
View Real Time Build Order
Export as new Build Order

Bunny Terran - Winner!

Build Orders: Reaper Expand, Hellion Banshee 

Get SALT Encoding   

  12  0:00  SCV  
  13  0:12  SCV  
  14  0:17  Supply Depot  
  14  0:25  SCV  
  15  0:39  SCV  
  15  0:40  Barracks  
  16  0:44  Refinery  
  16  0:51  SCV  
  17  1:03  SCV  
  18  1:15  SCV  
  19  1:27  Orbital Command  
  19  1:28  Reaper  
  20  1:43  Command Center  
  20  1:54  Supply Depot, SCV  
  21  1:59  Marine  
  22  2:06  SCV  
  23  2:11  Factory  
  23  2:18  SCV  
  23  2:19  Refinery  
  23  2:22  Barracks Reactor  
  24  2:30  SCV  
  25  2:42  SCV  
  26  2:54  SCV  
  26  2:55  Orbital Command  
  26  2:56  Starport  
  27  3:04  Hellion x2  
  31  3:06  SCV  
  31  3:08  Barracks Tech Lab  
  32  3:19  SCV  
  33  3:21  SCV  
  33  3:25  Hellion x2  
  38  3:27  Supply Depot  
  38  3:31  SCV  
  38  3:33  SCV  
  40  3:38  Banshee  
  40  3:40  Cloaking Field  
  43  3:42  Marine  
  43  3:45  SCV  
  43  3:46  SCV  
  46  3:52  Hellion  
  46  3:54  Hellion  
  50  3:58  SCV x2  
  50  4:01  Supply Depot  
  52  4:11  SCV x2  
  52  4:15  Barracks Tech Lab  
  54  4:19  Command Center  
  54  4:22  Banshee  
  57  4:26  SCV  
  57  4:27  SCV  
  57  4:29  Supply Depot  
  59  4:34  Stimpack  
  59  4:39  SCV x2  
  61  4:51  Factory Reactor  
  61  4:52  SCV x2  
  63  4:54  Barracks  
  63  4:57  Barracks, Marine  
  63  4:58  Supply Depot  
  62  5:09  SCV x2  
  62  5:11  Engineering Bay x2  
  62  5:12  Refinery x2  
  64  5:15  Marine  
  65  5:27  SCV x2  
  67  5:32  Orbital Command  
  67  5:33  Starport Reactor  
  67  5:39  SCV x2  
  67  5:40  Marine  
  70  5:43  Marine x2  
  70  5:44  Siege Tank  
  70  5:48  Terran Infantry Armor Level 1, Terran Infantry Weapons Level 1, Supply Depot x2  
  75  5:50  Marine x2  
  75  5:54  SCV  
  75  5:55  Orbital Command, SCV  
  79  6:02  Marine x3  
  82  6:08  Marine x2  
  84  6:15  Medivac x2  
  84  6:16  Siege Tank  
  88  6:18  Supply Depot  
  88  6:19  Marine  
  88  6:20  Supply Depot, SCV, Armory, Marine x2  
  88  6:21  SCV  
  88  6:24  SCV  
  94  6:25  Marine  
  94  6:26  Combat Shield  
  95  6:33  SCV x2  
  95  6:36  SCV  
  95  6:39  Barracks  
  98  6:40  Barracks  
  98  6:42  Marine x4  
  98  6:43  Marine  
  103  6:48  Siege Tank  
  103  6:49  Medivac  
  103  6:50  SCV x2  
  103  6:54  Refinery, SCV  
  111  6:59  Medivac  
  113  7:05  Armory  
  113  7:06  SCV x3  
  116  7:10  Supply Depot  
  116  7:11  Supply Depot  
  116  7:13  Marine x4  
  120  7:16  Marine  
  121  7:23  Siege Tank  
  124  7:33  Command Center  
  124  7:34  Barracks Reactor x2  
  124  7:35  Factory, Supply Depot  
  124  7:36  Marine x3  
  125  7:49  SCV x3  
  125  7:51  Marine x2  
  126  7:52  Drilling Claws  
  126  7:54  Marine x3  
  126  7:56  Medivac x2  
  131  8:01  Widow Mine, SCV  
  131  8:02  SCV x2  
  136  8:08  Marine  
  136  8:09  Supply Depot  
  136  8:11  Supply Depot, Marine  
  140  8:12  Marine  
  140  8:16  Terran Infantry Weapons Level 2  
  139  8:24  Terran Infantry Armor Level 2  
  133  8:31  Factory Reactor  
  133  8:32  Widow Mine  
  130  8:34  Marauder, Marine x5  
  130  8:36  Marine x3  
  137  8:41  Medivac  
  133  8:52  Marine x5  
  133  8:53  Marine  
  133  8:54  Marine x2  
  133  8:55  Marine  
  141  8:58  Missile Turret  
  141  8:59  Medivac  
  141  9:00  Missile Turret  
  141  9:02  Barracks x2, SCV x3  
  147  9:05  Barracks  
  147  9:08  Thor  
  147  9:09  Marine  
  150  9:12  Marine  
  150  9:15  Marine  
  144  9:22  Marine x3  
  139  9:29  Medivac x2, Marine  
  143  9:32  Planetary Fortress  
  143  9:35  SCV x3  
  143  9:36  Marine  
  143  9:39  Missile Turret  
  122  9:47  SCV  
  122  9:48  Marauder, Marine  
  122  9:49  Marine x5  
  128  9:53  Missile Turret  
  128  9:57  SCV x2  
  128  9:59  SCV  
  131  10:05  Marine x2  
  131  10:06  Marine x2  
  137  10:09  Barracks Tech Lab x2, SCV x2  
  137  10:12  Thor, Concussive Shells  
  137  10:13  Barracks Tech Lab  
  137  10:14  Missile Turret  
  143  10:16  Widow Mine x2  
  147  10:22  Sensor Tower  
  147  10:25  Missile Turret, Refinery  
  147  10:26  Missile Turret  
  147  10:29  Missile Turret  
  149  10:35  Marauder x2  
  149  10:36  Marauder  
  151  10:46  Terran Infantry Weapons Level 3  
  151  10:47  SCV x4  
  155  10:53  Marine x5  
  155  10:54  Widow Mine  
  155  10:55  Widow Mine x2  
  140  11:08  Marauder  
  140  11:09  Marine x4  
  142  11:16  Widow Mine x2  
  142  11:17  Medivac x2, Widow Mine  
  152  11:26  Command Center, Marauder x2  
  152  11:27  Marauder  
  158  11:34  Marauder  
  158  11:35  Marine x2  
  162  11:41  Marine x6  
  166  11:47  Marauder  
  166  11:48  Marauder, Marine  
  166  11:52  Marine  
  170  11:54  Marine  
  170  11:56  Marauder  
  170  11:59  Marine x6  
  175  12:04  Widow Mine  
  175  12:07  Marauder, SCV x2  
  180  12:12  Marauder, Marine x2  
  180  12:13  SCV  
  178  12:20  Marine x2  
  178  12:21  Marine x3  
  178  12:22  Marine  
  180  12:25  Marauder  
  180  12:28  Marauder  
  171  12:30  Marauder  
  171  12:31  SCV x4  
  171  12:33  Marauder  
  176  12:41  Thor  
  176  12:43  SCV  
  183  12:44  Planetary Fortress  
  183  12:45  SCV x3  
  183  12:46  Marauder  
  183  12:49  Widow Mine x2  
  192  12:55  SCV  
  193  12:59  Supply Depot  
  193  13:01  Missile Turret  
  193  13:02  Missile Turret  
  193  13:03  Missile Turret x2  
  193  13:06  Marauder  
  193  13:10  Marauder  
  193  13:11  Marauder  
  193  13:12  Marauder  
  193  13:16  SCV x4  
  185  13:28  SCV x4  
  185  13:30  Widow Mine x2  
  187  13:39  Marauder x2  
  187  13:40  Marine x10  
  200  13:51  Missile Turret x3  
  200  13:54  Missile Turret  
  200  13:56  Sensor Tower  
  197  14:04  Terran Infantry Armor Level 3  
  197  14:08  Widow Mine x2  
  176  14:28  Widow Mine, Marine x6  
  176  14:29  Widow Mine, Marine x6  
  176  14:30  Widow Mine  
  172  14:47  Marauder x4  
  172  14:48  Command Center  
  172  14:49  Widow Mine, Marine x8  
  172  14:51  Widow Mine  
  186  14:53  Medivac x2  
  175  15:07  Marine x6  
  175  15:08  Marauder  
  175  15:10  Thor  
  175  15:13  Marauder  
  188  15:18  Marine  
  188  15:19  Marine x3  
  171  15:23  Medivac x2  
  171  15:24  Widow Mine x2, Marine  
  171  15:25  Marine x5  
  169  15:30  Marauder  
  169  15:34  Marine  
  168  15:38  Marine x4  
  168  15:42  Marine  
  172  15:45  Widow Mine x2  
  172  15:49  Marine x5  
  182  15:51  Marine  
  182  15:52  Marine  
  182  15:53  Thor, Medivac x2  
  184  16:10  Marauder, Marine x4  
  184  16:11  Marauder, Marine x3  
  180  16:12  Marine x2  
  179  16:18  Widow Mine x2  
  179  16:23  Medivac x2  
  165  16:29  Marauder  
  165  16:31  Marauder  
  165  16:32  Marauder x2, Marine x7  
  169  16:36  Thor  
  173  16:40  Widow Mine  
  173  16:41  Marine  
  173  16:46  Widow Mine  
  176  16:49  Marine  
  176  16:50  Marine  
  176  16:52  Marauder  
  176  16:53  Marauder x2  
  183  17:01  Widow Mine  
  183  17:03  Marine  
  183  17:04  Marine x2  
  183  17:05  Marine x3  
  183  17:07  Widow Mine  
  188  17:09  Command Center  
  182  17:17  Marine x2  
  182  17:19  Thor, Medivac x2  
  180  17:32  Marauder x3, Marine x7  
  180  17:34  Marine  
  180  17:35  Marine  
  158  17:49  Medivac x2  
  158  17:50  Marine x7  
  168  17:52  Marine x2  
  168  17:53  Marine  
  168  17:58  Marine x2  
  157  18:02  Widow Mine x3  
  162  18:07  Marine  
  162  18:08  Marine x2  
  162  18:12  Marauder x2  
  166  18:16  Marine  
  166  18:17  Marine x2  
Show
View Real Time Build Order
Export as new Build Order

Reynor Zerg 

Build Orders: Hatch First, Muta Ling Bane 

Get SALT Encoding   

  12  0:00  Drone  
  13  0:12  Overlord  
  13  0:17  Drone  
  14  0:31  Drone x2  
  16  0:51  Hatchery  
  16  0:52  Drone  
  16  0:56  Drone  
  17  1:00  Drone  
  18  1:12  Extractor  
  18  1:17  Spawning Pool  
  16  1:20  Drone  
  16  1:24  Drone  
  18  1:29  Drone  
  19  1:40  Drone  
  20  1:49  Drone  
  21  2:04  Queen x2  
  21  2:06  Zergling x4  
  27  2:20  Hatchery  
  26  2:25  Overlord  
  26  2:29  Drone  
  27  2:32  Drone  
  28  2:39  Metabolic Boost  
  28  2:45  Queen  
  28  2:47  Drone  
  28  2:50  Drone  
  32  2:55  Overlord  
  32  2:57  Drone  
  33  3:01  Drone  
  33  3:03  Drone  
  35  3:07  Drone  
  36  3:15  Drone x2  
  36  3:17  Overlord  
  39  3:20  Drone x2  
  39  3:24  Queen  
  42  3:27  Drone  
  42  3:29  Drone  
  42  3:32  Drone  
  42  3:33  Drone  
  46  3:39  Queen  
  48  3:45  Zergling x4  
  48  3:46  Drone x2  
  52  3:50  Overlord  
  52  3:51  Drone  
  52  3:54  Drone  
  54  3:56  Drone x2  
  54  4:00  Lair  
  56  4:05  Overlord  
  56  4:07  Extractor  
  55  4:10  Drone x2  
  55  4:11  Drone  
  58  4:18  Baneling Nest  
  58  4:19  Drone  
  58  4:20  Overlord  
  58  4:24  Queen  
  58  4:28  Drone  
  58  4:29  Spore Crawler  
  58  4:31  Zergling x6  
  63  4:35  Spore Crawler  
  63  4:36  Drone  
  63  4:38  Spore Crawler  
  62  4:39  Drone  
  62  4:42  Drone x2  
  65  4:46  Drone x2  
  65  4:47  Drone  
  65  4:49  Drone  
  65  4:51  Drone  
  70  4:55  Overlord  
  70  4:57  Drone x2  
  70  4:58  Drone  
  73  5:06  Zergling x4  
  73  5:07  Overseer  
  73  5:10  Drone  
  73  5:12  Baneling x2  
  74  5:17  Hatchery, Drone x3  
  76  5:22  Drone x4  
  76  5:26  Overlord  
  76  5:27  Drone x2  
  82  5:32  Overlord  
  82  5:36  Centrifical Hooks  
  82  5:39  Evolution Chamber  
  82  5:40  Overlord  
  82  5:41  Evolution Chamber  
  82  5:42  Drone x2  
  82  5:45  Drone x4  
  82  5:46  Drone  
  82  5:47  Drone  
  82  5:49  Drone  
  89  5:50  Drone  
  89  5:51  Extractor  
  89  5:53  Extractor x2  
  89  5:55  Extractor, Overlord  
  86  5:58  Drone  
  86  6:02  Zergling x2  
  88  6:07  Zergling x2  
  88  6:09  Overlord  
  88  6:10  Drone x2  
  91  6:11  Zerg Ground Armor Level 1  
  91  6:13  Zerg Melee Weapons Level 1  
  91  6:14  Drone x2  
  91  6:15  Drone x3  
  91  6:16  Drone x3  
  97  6:23  Drone  
  97  6:25  Overlord  
  98  6:27  Drone  
  98  6:28  Spore Crawler  
  98  6:31  Zergling x4  
  98  6:32  Queen  
  102  6:37  Zergling x2  
  102  6:38  Zergling x6, Spire  
  105  6:40  Baneling x4  
  105  6:41  Zergling x6  
  105  6:42  Zergling x2  
  105  6:43  Zergling x2  
  105  6:45  Baneling x4  
  110  6:50  Zergling x8  
  110  6:54  Overlord  
  114  6:55  Zergling x4  
  114  7:01  Drone x2, Baneling x6  
  115  7:04  Drone  
  115  7:05  Drone  
  119  7:12  Drone x3  
  119  7:14  Drone x2  
  124  7:17  Zergling x12, Hatchery  
  124  7:20  Overlord  
  129  7:27  Zergling x2  
  129  7:28  Zergling x6  
  123  7:33  Zergling x4  
  125  7:38  Drone  
  125  7:41  Overlord  
  121  7:48  Hatchery  
  121  7:49  Zergling x18  
  120  7:58  Baneling x4  
  119  8:00  Zerg Flyer Weapons Level 1, Mutalisk x5  
  119  8:01  Mutalisk x2  
  119  8:05  Mutalisk x3  
  133  8:07  Zergling x4  
  133  8:10  Mutalisk  
  143  8:12  Baneling  
  143  8:13  Baneling x2  
  143  8:15  Drone  
  143  8:19  Zergling x4  
  146  8:20  Zergling x2, Queen  
  146  8:22  Zergling x2  
  136  8:29  Zergling x4  
  136  8:30  Zergling x6  
  136  8:31  Zergling x8  
  141  8:35  Zergling x12  
  141  8:37  Baneling  
  141  8:38  Baneling x15  
  141  8:42  Drone  
  141  8:43  Drone x2  
  143  8:53  Zerg Ground Armor Level 2  
  143  8:54  Drone  
  144  8:57  Hatchery  
  144  9:01  Extractor, Queen, Drone x3  
  144  9:02  Extractor  
  146  9:04  Zerg Melee Weapons Level 2  
  144  9:22  Zergling x26  
  153  9:25  Overlord  
  153  9:28  Overseer  
  153  9:32  Baneling x11  
  153  9:33  Overlord  
  134  9:47  Mutalisk  
  134  9:48  Mutalisk  
  134  9:50  Drone x3  
  130  9:56  Zergling x22, Queen  
  130  9:58  Mutalisk  
  145  10:00  Mutalisk  
  145  10:06  Drone x2  
  149  10:09  Mutalisk  
  149  10:11  Mutalisk  
  149  10:14  Overseer  
  153  10:15  Pneumatized Carapace  
  153  10:16  Zergling x4, Hatchery  
  153  10:20  Zergling x8  
  158  10:22  Baneling x4  
  158  10:23  Baneling x3  
  158  10:25  Zergling x4  
  160  10:30  Overlord  
  160  10:35  Mutalisk x2  
  161  10:38  Zergling x8  
  161  10:39  Zergling x2  
  166  10:49  Zergling x6  
  168  10:52  Mutalisk  
  168  10:54  Zergling x4  
  145  10:57  Mutalisk  
  145  10:59  Zergling x6  
  137  11:04  Zergling x6  
  137  11:05  Baneling x5  
  137  11:06  Zergling x4  
  133  11:11  Zergling x2  
  133  11:14  Hatchery  
  133  11:15  Mutalisk x2  
  133  11:16  Mutalisk  
  139  11:18  Zergling x4  
  139  11:20  Baneling x5  
  139  11:21  Baneling x4  
  139  11:22  Zergling x2  
  139  11:35  Zergling x14  
  146  11:41  Baneling x2  
  146  11:42  Baneling x11  
  146  11:44  Zergling x14  
  151  11:52  Zergling x6  
  154  11:58  Zergling x4  
  152  12:04  Mutalisk x4  
  152  12:07  Zergling x2  
  158  12:11  Zergling x4  
  153  12:20  Overlord x4  
  152  12:23  Overlord  
  152  12:26  Zergling x6  
  148  12:30  Baneling x10  
  148  12:34  Zergling x2  
  148  12:35  Zergling x8  
  152  12:41  Mutalisk x3  
  152  12:43  Zergling x8, Hatchery  
  161  12:45  Baneling x4  
  161  12:52  Baneling  
  161  12:53  Baneling x4  
  161  12:56  Zergling x6  
  163  13:03  Baneling  
  163  13:04  Drone x3, Baneling x6  
  166  13:06  Extractor  
  166  13:07  Zergling x2  
  166  13:08  Zergling x8  
  166  13:11  Zergling x10  
  175  13:24  Baneling  
  175  13:25  Baneling x10  
  173  13:29  Zergling x16  
  173  13:32  Mutalisk  
  173  13:35  Zergling x6  
  176  13:42  Queen, Drone  
  176  13:44  Mutalisk x2  
  176  13:46  Overlord  
  181  13:53  Mutalisk x2  
  185  13:58  Zergling x10  
  185  13:59  Zergling x8  
  194  14:04  Overlord  
  192  14:11  Zergling x4  
  192  14:12  Zergling x4  
  192  14:16  Baneling x8  
  188  14:17  Zergling x2  
  166  14:24  Zergling x4  
  166  14:25  Zergling x16  
  174  14:35  Mutalisk x2  
  174  14:36  Mutalisk  
  174  14:38  Zergling x4, Overlord  
  175  14:39  Baneling  
  175  14:40  Baneling x10  
  171  14:50  Zergling x6  
  171  14:51  Zergling x2  
  171  14:52  Hatchery  
  170  14:59  Mutalisk x3  
  161  15:04  Zergling x2  
  161  15:05  Zergling x12  
  169  15:10  Zergling x2  
  169  15:11  Zergling x2  
  161  15:16  Queen  
  144  15:22  Zergling x10  
  144  15:26  Mutalisk  
  142  15:30  Mutalisk x2  
  142  15:33  Baneling x11  
  142  15:34  Zergling x2  
  145  15:40  Baneling x4  
  145  15:44  Zergling x8  
  145  15:48  Queen  
  150  15:55  Zergling x8  
  150  15:57  Baneling  
  150  15:58  Baneling x11  
  150  16:03  Zergling x6  
  150  16:09  Zergling x2  
  150  16:10  Zergling x4  
  150  16:11  Queen  
  135  16:13  Mutalisk  
  135  16:17  Zergling x6  
  129  16:26  Zergling x8  
  129  16:28  Baneling x12  
  129  16:30  Zergling x2  
  130  16:33  Baneling  
  130  16:34  Baneling  
  130  16:42  Zergling x16  
  130  16:44  Baneling  
  130  16:45  Baneling x8  
  138  16:51  Baneling  
  138  16:52  Baneling x6  
  134  16:57  Zergling x14  
  134  17:00  Baneling x5  
  141  17:02  Zergling x4  
  141  17:04  Overseer  
  143  17:09  Zergling x2  
  143  17:10  Zergling x6  
  140  17:17  Zergling x12  
  124  17:37  Zergling x10  
  124  17:41  Zergling x2  
  124  17:43  Zergling x2  
  109  17:47  Hatchery  
  101  17:53  Zergling x4  
  96  18:05  Hatchery  
Tags
 
Add a new tag
Caveats
  • Supply blocks, unpowered buildings, or Contaminate may cause inaccurate times.
  • Supply counts are checked every 10 seconds.